 Dungeon Crawl Stone Soup version 0.21-a0-216-g6d3fd91 (webtiles) character file.

7134 Lavandula the Grappler (level 11, -11/82 HPs)
             Began as a Ghoul Ice Elementalist on Aug 23, 2017.
             Was a High Priest of Cheibriados.
             Mangled by a minotaur
             ... wielding an uncursed staff of poison
              (12 damage)
             ... in a labyrinth.
             The game lasted 00:55:55 (6817 turns).

Lavandula the Grappler (Ghoul Ice Elementalist)     Turns: 6817, Time: 00:55:56

Health: -11/82     AC:  4    Str: 23 (24) XL:     11   Next: 10%
Magic:  14/16      EV: 13    Int: 21 (22) God:    Cheibriados [*****.]
Gold:   569        SH:  6    Dex: 21 (22) Spells: 6/18 levels left

rFire    + + .     SeeInvis .     - Unarmed
rCold    + + .     Gourm    .   J - +0 buckler
rNeg     + + +     Faith    .   k - +2 robe {MR+}
rPois    ∞         Spirit   .   (no helmet)
rElec    .         Reflect  .   (no cloak)
rCorr    +         Harm     .   (no gloves)
MR       ++...                  (no boots)
Stlth    ++........             (no amulet)
HPRegen  0.00/turn              v - ring of resist corrosion
MPRegen  0.15/turn              O - ring of Ephemeral Luck {rF++ rC+ MR+}

@: rotting, very slow
A: rotting body, claws 1, carnivore 3, cold resistance 1, negative energy
resistance 3, inhibited regeneration, torment resistance, unbreathing
a: Bend Time, Temporal Distortion, Slouch, Step From Time, Renounce Religion


You were in a labyrinth.
You worshipped Cheibriados.
Cheibriados was extremely pleased with you.
You were not hungry.

You visited 3 branches of the dungeon, and saw 14 of its levels.
You also visited: Labyrinth, Sewer and Volcano.

You collected 569 gold pieces.

Inventory:

Hand Weapons
 a - a +1 dagger of electrocution
 C - a +1 dagger of venom
Missiles
 g - 7 javelins (quivered)
 y - a throwing net
 G - 2 curare-tipped needles
Armour
 k - a +2 robe of magic resistance (worn)
 n - a +0 ring mail
 r - a +5 ring mail
 J - a +0 buckler (worn)
 K - a +1 leather armour of fire resistance
 L - a +2 leather armour of fire resistance
Jewellery
 v - a ring of resist corrosion (left claw)
 O - the ring of Ephemeral Luck (right claw) {rF++ rC+ MR+}
   (You found it on level 9 of the Dungeon)

   [ring of protection from magic]

   It greatly protects you from fire.
   It protects you from cold.
   It affects your resistance to hostile enchantments.
Wands
 d - a wand of flame (34/48)
 o - a wand of flame (39/48)
 t - a wand of iceblast (0/15)
 u - a wand of polymorph (0/24)
 N - a wand of digging (13/24)
Scrolls
 f - 4 scrolls of remove curse
 h - a scroll of random uselessness
 i - a scroll of holy word {unknown}
 j - a scroll of teleportation
 l - a scroll of fog {unknown}
 z - a scroll of vulnerability {unknown}
 A - 2 scrolls of amnesia
 B - a scroll of immolation {unknown}
 D - a scroll of noise {unknown}
 F - a scroll of magic mapping
 H - 2 scrolls of enchant armour
Potions
 e - a potion of degeneration
 p - a potion of berserk rage
 s - 4 potions of brilliance
 w - a potion of agility {unknown}
 x - a potion of flight
 I - a potion of mutation {unknown}
 M - a potion of might
Books
 b - a book of Frost

   Spells                             Type                      Level
   a - Freeze                         Ice                          1
   b - Throw Frost                    Conjuration/Ice              2
   c - Ozocubu's Armour               Charms/Ice                   3
   d - Throw Icicle                   Conjuration/Ice              4
   e - Summon Ice Beast               Ice/Summoning                4
 m - a book of Maledictions

   Spells                             Type                      Level
   a - Corona                         Hexes                        1
   b - Ensorcelled Hibernation        Hexes/Ice                    2
   c - Confuse                        Hexes                        3
   d - Tukima's Dance                 Hexes                        3
   e - Dazzling Spray                 Conjuration/Hexes            3
Miscellaneous
 q - a sack of spiders
Comestibles
 c - 5 meat rations
 E - 8 royal jellies


   Skills:
 - Level 3.4 Fighting
 - Level 7.3 Short Blades
 + Level 1.7 Dodging
 - Level 2.1 Stealth
 - Level 5.0 Shields
 - Level 8.3 Unarmed Combat
 - Level 4.2 Spellcasting
 - Level 0.7 Conjurations
 - Level 1.0 Charms
 - Level 5.6 Summonings
 - Level 7.5 Ice Magic
 - Level 3.3 Invocations


You had 6 spell levels left.
You knew the following spells:

 Your Spells              Type           Power        Failure   Level  Hunger
a - Freeze                Ice            ####         1%          1    None
b - Ozocubu's Armour      Chrm/Ice       ###.....     6%          3    ##.....
c - Summon Ice Beast      Ice/Summ       ####....     8%          4    ####...
d - Throw Icicle          Conj/Ice       ###.....     22%         4    ####...


Dungeon Overview and Level Annotations

Branches:
Dungeon (11/15)            Temple (1/1) D:4            Lair (2/6) D:8
 Shoals (0/4) Lair:2          Orc (0/2) D:9
  Snake: Lair:2-4    Spider: Lair:2-4

Altars:
Ashenzari
Cheibriados
Dithmenos
Elyvilon
Fedhas
Gozag
Hepliaklqana
Kikubaaqudgha
Makhleb
Nemelex Xobeh
Okawaru
Qazlal
Ru
Sif Muna
Trog
Uskayaw
Vehumet
Wu Jian
Xom
Yredelemnul
Zin
The Shining One

Annotations:
D:6 duwessa!, Duvessa


Innate Abilities, Weirdness & Mutations

Your body is rotting away.
You thrive on raw meat.
You are immune to poison.
You have sharp fingernails.
You are carnivorous and can eat meat at any time.
Your flesh is cold resistant. (rC+)
You are immune to negative energy. (rN+++)
You do not regenerate when monsters are visible.
You are immune to unholy pain and torment.
You can survive without breathing.


Message History

The net rips apart, and the minotaur comes free!
You scratch the minotaur.
The minotaur is heavily wounded.
The minotaur hits you with a staff of poison.
The minotaur gores you but does no damage.
You barely miss the minotaur.
The minotaur is heavily wounded.
The minotaur misses you. x2
You scratch the minotaur.
The minotaur is heavily wounded.
You claw the minotaur!
The minotaur is severely wounded.
The minotaur hits you with a staff of poison!!
The minotaur gores you!
You mangle the minotaur!!
The minotaur is almost dead.
The minotaur hits you with a staff of poison!!
* * * LOW HITPOINT WARNING * * *
The minotaur gores you!
You die...

# .# .# #
#.# ..$ ..
#.⌠.##.
..$....####
#..@..#
#..##H#.##
### # #.#
..# #
#.###.#.# #
... # ..#.
###
.###.###
#.# .. # #
#.#. ##.#
.# . ... .
#


You could see a minotaur.

Vanquished Creatures
  A slime creature (D:9)
  A mana viper (D:8)
  An efreet (Volcano)
  2 hippogriffs (D:8)
  5 hungry ghosts
  2 fire elementals (Volcano)
  A water moccasin (Lair:1)
  An orc warrior (D:7)
  3 sky beasts
  2 ice beasts
  A black bear (D:8)
  A centaur (D:6)
  2 ogres
  2 big kobolds
  A bullfrog (D:7)
  A gnoll sergeant (D:10)
  3 scorpions
  Dowan (D:6)
  14 killer bees
  5 howler monkeys
  3 wights
  2 crimson imps
  A quasit (D:6)
  2 hounds
  4 orc priests
  2 bullfrog skeletons
  2 iguanas
  Jessica (D:2)
  12 orc wizards
  5 worker ants
  2 hound skeletons (D:6)
  6 gnolls
  15 adders
  5 river rats (Sewer)
  3 shadow imps
  3 oozes
  2 adder skeletons
  4 leopard geckos
  29 orcs
  3 ball pythons (Sewer)
  8 giant cockroaches
  3 hobgoblins
  6 jackals
  27 kobolds
  3 quokkas
  3 bats
  4 frilled lizards
  8 goblins
  A jackal skeleton (D:6)
  A quokka skeleton (D:8)
  2 quokka zombies (D:5)
  25 rats
  A plant (D:8)
248 creatures vanquished.

Vanquished Creatures (collateral kills)
  A spiny frog (Lair:1)
  A centaur skeleton (D:10)
  A queen bee (D:9)
  A steam dragon (D:10)
  2 porcupines (D:8)
  An orc warrior (D:8)
  A centaur (D:9)
  A bullfrog (D:7)
  4 killer bees (D:9)
  A scorpion (D:7)
  4 howler monkeys
  A hound (D:7)
  An orc wizard (D:7)
  An orc priest (D:5)
  A worker ant zombie (D:8)
  7 orcs
29 creatures vanquished.

Vanquished Creatures (others)
  An orc (D:7)
  5 fungi (D:8)
  2 plants (D:8)
8 creatures vanquished.

Grand Total: 285 creatures vanquished

Notes
Turn   | Place    | Note
-------+----------+-------------------------------------------
     0 | D:1      | Lavandula the Ghoul Ice Elementalist began the quest for the Orb.
     0 | D:1      | Reached XP level 1. HP: 14/14 MP: 2/2
   190 | D:1      | Reached XP level 2. HP: 16/20 MP: 2/4
   400 | D:2      | Reached XP level 3. HP: 22/26 MP: 2/5
   561 | D:2      | Noticed Jessica
   590 | D:2      | Killed Jessica
   590 | D:2      | Reached skill level 5 in Ice Magic
   590 | D:2      | Reached XP level 4. HP: 5/33 MP: 0/6
   595 | D:2      | Learned a level 3 spell: Ozocubu's Armour
   699 | D:2      | Reached skill level 1 in Charms
   850 | D:4      | Noticed an ogre
   861 | D:5      | Entered Level 5 of the Dungeon
   901 | D:5      | Reached XP level 5. HP: 37/37 MP: 3/8
   916 | D:5      | Learned a level 4 spell: Summon Ice Beast
   939 | D:5      | Noticed an ice beast
   984 | D:5      | Reached skill level 1 in Unarmed Combat
  1052 | D:5      | Found a transporter.
  1066 | D:5      | Killed an ice beast
  1066 | D:5      | Reached XP level 6. HP: 17/51 MP: 9/9
  1084 | D:5      | Found a transporter.
  1218 | D:6      | Noticed Dowan
  1237 | D:6      | Noticed a sky beast
  1285 | D:6      | Killed a sky beast
  1373 | D:6      | Reached XP level 7. HP: 24/57 MP: 5/10
  1393 | D:6      | Noticed Duvessa
  1565 | D:6      | Reached skill level 5 in Short Blades
  1582 | D:6      | Found a glowing drain.
  1607 | D:6      | Reached XP level 8. HP: 31/63 MP: 5/11
  1640 | Sewer    | Entered a sewer
  2178 | D:6      | Found an ancient bone altar of Kikubaaqudgha.
  2375 | D:4      | Found a staircase to the Ecumenical Temple.
  2394 | Temple   | Entered the Ecumenical Temple
  2422 | Temple   | Became a worshipper of Cheibriados the Contemplative
  2807 | D:3      | Reached * piety under Cheibriados
  3026 | D:5      | Reached skill level 1 in Summonings
  3288 | D:6      | Killed Dowan
  3325 | D:7      | Reached ** piety under Cheibriados
  3325 | D:7      | Reached XP level 9. HP: 55/70 MP: 1/12
  3682 | D:8      | Noticed a two-headed ogre
  3692 | D:8      | Noticed a mana viper
  3692 | D:8      | a two-headed ogre changed into a mana viper
  3778 | D:8      | Reached skill level 2 in Unarmed Combat
  3831 | D:8      | Reached skill level 3 in Unarmed Combat
  3855 | D:8      | Reached *** piety under Cheibriados
  3855 | D:8      | Reached skill level 4 in Unarmed Combat
  3874 | D:8      | Killed a mana viper
  3874 | D:8      | Reached skill level 5 in Unarmed Combat
  3900 | D:8      | Reached skill level 6 in Unarmed Combat
  3989 | D:8      | Reached skill level 7 in Unarmed Combat
  4144 | D:8      | Found a staircase to the Lair.
  4153 | D:8      | Reached XP level 10. HP: 37/77 MP: 13/13
  4337 | D:10     | Entered Level 10 of the Dungeon
  4390 | D:10     | Reached **** piety under Cheibriados
  4471 | D:10     | Reached skill level 5 in Summonings
  4575 | D:11     | Noticed a two-headed ogre
  4666 | D:11     | Noticed a red ugly thing
  5045 | D:9      | Found a staircase to the Orcish Mines.
  5147 | D:9      | Killed a very large slime creature
  5157 | D:9      | Got a glittering granite ring
  5162 | D:9      | HP: 1/77 [very large slime creature (61)]
  5167 | D:9      | Identified the ring of Ephemeral Luck {rF++ rC+ MR+} (You found it on level 9 of the Dungeon)
  5318 | D:9      | Reached skill level 8 in Unarmed Combat
  5328 | D:9      | Reached ***** piety under Cheibriados
  5330 | D:9      | Reached skill level 1 in Invocations
  5463 | D:9      | Learned a level 4 spell: Throw Icicle
  5587 | D:10     | Reached skill level 1 in Shields
  5708 | Lair:1   | Entered Level 1 of the Lair of Beasts
  5708 | Lair:1   | Noticed a spiny frog
  5718 | Lair:1   | Killed a spiny frog
  5773 | Lair:1   | Found a dark tunnel.
  5798 | Volcano  | Entered a volcano
  5901 | Volcano  | Reached XP level 11. HP: 6/82 MP: 16/16
  6444 | Lair:2   | Found a labyrinth entrance.
  6453 | Lab      | Entered a labyrinth
  6805 | Lab      | Reached skill level 5 in Shields
  6806 | Lab      | Noticed a minotaur
  6817 | Lab      | HP: 1/82 [minotaur/staff of poison (29)]
  6817 | Lab      | Mangled by a minotaur

Vault maps used:
D:1:      ncdulo_smallfort, minmay_misc_feat_encased, minmay_misc_feat_room
D:2:      uniq_jessica
D:4:      minmay_temple_entry_statues_fountains, serial_forest,
          infiniplex_forest_end_2, infiniplex_forest_straight_3,
          infiniplex_forest_diagonal, infiniplex_forest_lined_corner,
          infiniplex_forest_clump_long, infiniplex_forest_corner_2,
          infiniplex_forest_straight_1, infiniplex_forest_lined_3_way
D:5:      gammafunk_wand_slinger, first_bread, nrook_mini_backslash
D:6:      kiku_gazebo_garden_becter, gup_sewer_entry_glass, uniq_duvessa
D:8:      grunt_lair_entry_orc_guard_hut
D:9:      orc_0_dummy, david_nohive_1
D:11:     regret_index_bee_streams, special_room
Temple:   nicolae_temple_the_god_donut
Lair:1:   nicolae_volcano_entry_lava_flow
Lair:2:   elwin_shoals_entry_rocks, lab_entry_generic, beast_lair_carwin_9,
          grunt_megastairs_5
Lab:      nicolae_lab_starburst, lab_block
Sewer:    sewer_minmay_treatment
Volcano:  volcano_overflow

Skill      XL: |  1  2  3  4  5  6  7  8  9 10 11 |
---------------+----------------------------------+-----
Spellcasting   | 2 3 4 |  4.2
Ice Magic      | 4 5 6 7 |  7.5
Charms         | 1 |  1.0
Unarmed Combat | 1 7 8 |  8.3
Fighting       | 3 |  3.4
Short Blades   | 2 5 7 |  7.3
Summonings     | 3 4 5 |  5.6
Invocations    | 3 |  3.3
Shields        | 4 5 |  5.0
Dodging        | |  1.7
Stealth        | |  2.1
Conjurations   | |  0.7

Action                   |  1- 3 |  4- 6 |  7- 9 | 10-12 || total
-------------------------+-------+-------+-------+-------++-------
Melee: Unarmed           |    47 |    20 |       |   202 ||   269
       Dagger            |       |    33 |   477 |    64 ||   574
       Punch             |       |       |     5 |    13 ||    18
Throw: Javelin           |       |     1 |       |       ||     1
       Throwing net      |       |       |       |     1 ||     1
 Cast: Freeze            |    34 |    33 |    99 |    28 ||   194
       Summon Ice Beast  |       |     2 |    12 |    25 ||    39
       Ozocubu's Armour  |       |       |     6 |     7 ||    13
Invok: Bend Time         |       |       |       |     1 ||     1
Evoke: Wand              |       |       |     4 |     6 ||    10
       Sack of spiders   |       |       |       |     8 ||     8
  Use: Scroll            |       |     8 |     3 |     6 ||    17
       Potion            |       |       |     4 |    15 ||    19
 Stab: Sleeping          |     2 |       |     1 |     1 ||     4
       Distracted        |       |       |     1 |       ||     1
  Eat: Chunk             |    11 |     5 |    60 |    42 ||   118
Armor: Robe              |    10 |    12 |    92 |    45 ||   159
       Ring mail         |       |     8 |    16 |    78 ||   102
Dodge: Dodged            |    60 |    37 |   276 |   196 ||   569
Block: Buckler           |       |       |       |    10 ||    10

Table legend:
 A = Spawn XP
 B = Non-spawn XP
 C = Spawn XP percentage of total XP
 D = Spawn monster count
 E = Non-spawn monster count
 F = Spawn count percentage of total count
 G = Total turns spent on level
                    A         B        C        D         E        F      G
               +---------+---------+-------+---------+---------+-------+---------
         Total |     161 |   10031 |   1.6 |      12 |     264 |   4.3 |  6817
               +---------+---------+-------+---------+---------+-------+---------
           D:1 |       0 |      13 |   0.0 |       0 |       9 |   0.0 |   198
           D:2 |       0 |      98 |   0.0 |       0 |      21 |   0.0 |   523
           D:3 |       9 |     102 |   8.1 |       2 |      20 |   9.1 |   431
           D:4 |      44 |     178 |  19.8 |       3 |       8 |  27.3 |   306
           D:5 |       0 |     382 |   0.0 |       0 |      18 |   0.0 |   690
           D:6 |      42 |     789 |   5.1 |       4 |      20 |  16.7 |   537
           D:7 |       0 |     812 |   0.0 |       0 |      29 |   0.0 |   482
           D:8 |      26 |    1923 |   1.3 |       2 |      28 |   6.7 |   632
           D:9 |       0 |    2025 |   0.0 |       0 |      31 |   0.0 |   731
          D:10 |      40 |    1602 |   2.4 |       1 |      23 |   4.2 |   640
          D:11 |       0 |     127 |   0.0 |       0 |       1 |   0.0 |    40
        Lair:1 |       0 |     417 |   0.0 |       0 |       2 |   0.0 |   139
           Lab |       0 |     537 |   0.0 |       0 |       3 |   0.0 |   364
         Sewer |       0 |     263 |   0.0 |       0 |      48 |   0.0 |   446
       Volcano |       0 |     763 |   0.0 |       0 |       3 |   0.0 |   582
               +---------+---------+-------+---------+---------+-------+---------
